 Dungeon Crawl Stone Soup version 0.17-a0-1545-gc1bb672 (webtiles) character file.

6072 klainefeese the Cleaver (level 10, -9/99 HPs)
             Began as a Hill Orc Fighter on July 18, 2015.
             Was an Initiate of Gozag.
             Mangled by a hill giant
             ... wielding a +0 giant spiked club
              (25 damage)
             ... on level 10 of the Dungeon.
             The game lasted 00:43:27 (8035 turns).

klainefeese the Cleaver (Hill Orc Fighter)          Turns: 8035, Time: 00:43:30

Health: -9/99      AC: 12    Str: 26    XL:     10   Next: 87%
Magic:  8/8        EV: 11    Int:  8    God:    Gozag
Gold:   891        SH: 13    Dex: 13    Spells: 0 memorised, 9 levels left

rFire  . . .     SeeInvis .     a - +1 war axe (flame)
rCold  + . .     Clarity  .     b - +2 scale mail
rNeg   . . .     SustAt   .     c - +1 shield
rPois  .         Gourm    .     E - +0 helmet
rElec  .         Spirit   .     (no cloak)
rCorr  .         Warding  .     (no gloves)
rMut   .         Stasis   .     x - +0 pair of boots
MR     .....                    e - amulet of regeneration
Stlth  +.........               d - ring of protection from cold
                                k - +6 ring of strength

@: very slightly contaminated, hasted, very quick, not resistant to hostile
enchantments, very unstealthy
A: low mp 2, sense surroundings 1, robust 1
a: Potion Petition, Call Merchant, Bribe Branch, Renounce Religion


You were on level 10 of the Dungeon.
You worshipped Gozag.
Gozag was noncommittal.
You were not hungry.

You visited 1 branch of the dungeon, and saw 10 of its levels.

You collected 1659 gold pieces.
You spent 702 gold pieces at shops.
You paid 66 gold pieces to Gozag.

Inventory:

Hand weapons
 a - a +1 war axe of flaming (weapon)
Armour
 b - a +2 scale mail (worn)
 c - a +1 shield (worn)
 x - a +0 pair of boots (worn)
 E - a +0 helmet (worn)
Magical staves
 D - an uncursed staff of wizardry {unknown}
Jewellery
 d - a ring of protection from cold (right hand)
 e - an amulet of regeneration (around neck)
 k - a +6 ring of strength (left hand)
 y - a cursed ring of loudness
 A - an uncursed ring of positive energy
Magical devices
 t - a wand of disintegration (5)
 u - a wand of draining (8)
Scrolls
 f - 8 scrolls of identify
 h - 5 scrolls of remove curse
 m - 2 scrolls of teleportation
 n - a scroll of fear
 p - 3 scrolls of recharging
 q - a scroll of amnesia
 v - a scroll of magic mapping
 G - a scroll of noise {unknown}
Potions
 g - 2 potions of flight
 j - a potion of brilliance
 r - 7 potions of curing
 s - 2 potions of cancellation
Books
 w - a book of Necromancy

   Spells                             Type                      Level
   a - Pain                           Necromancy                   1
   b - Animate Skeleton               Necromancy                   1
   c - Vampiric Draining              Necromancy                   3
   d - Regeneration                   Charms/Necromancy            3
   e - Animate Dead                   Necromancy                   4
   f - Control Undead                 Necromancy                   4
 B - a book of Power

   Spells                             Type                      Level
   a - Fulminant Prism                Conjuration/Hexes            4
   b - Iskenderun's Mystic Blast      Conjuration                  4
   c - Venom Bolt                     Conjuration/Poison           5
   d - Bolt of Magma                  Conjuration/Fire/Earth       5
   e - Iron Shot                      Conjuration/Earth            6
   f - Orb of Destruction             Conjuration                  7
   g - Spellforged Servitor           Conjuration/Summoning        7
 F - a book of Conjurations

   Spells                             Type                      Level
   a - Magic Dart                     Conjuration                  1
   b - Searing Ray                    Conjuration                  2
   c - Dazzling Spray                 Conjuration/Hexes            3
   d - Fulminant Prism                Conjuration/Hexes            4
   e - Iskenderun's Mystic Blast      Conjuration                  4
   f - Iskenderun's Battlesphere      Conjuration/Charms           5
 I - a book of Minor Magic

   Spells                             Type                      Level
   a - Magic Dart                     Conjuration                  1
   b - Blink                          Translocation                2
   c - Call Imp                       Summoning                    2
   d - Repel Missiles                 Charms/Air                   2
   e - Slow                           Hexes                        2
   f - Conjure Flame                  Conjuration/Fire             3
   g - Mephitic Cloud                 Conjuration/Poison/Air       3
Comestibles
 l - a slice of pizza
 o - 2 bread rations
 z - 3 meat rations
 C - 2 beef jerkies
 H - 6 fruits


   Skills:
 + Level 8.9 Fighting
 + Level 10.8 Axes
 + Level 7.7 Armour
 + Level 5.2 Dodging
 + Level 2.0 Stealth
 + Level 8.9 Shields


You had 9 spell levels left.
You didn't know any spells.

Dungeon Overview and Level Annotations

Branches:
Dungeon (10/15)            Temple (0/1) D:6            Lair (0/8) D:8
    Orc (0/4) D:9

Altars:
Ashenzari
Cheibriados
Dithmenos
Elyvilon
Fedhas
Gozag
Kikubaaqudgha
Makhleb
Nemelex Xobeh
Okawaru
Qazlal
Ru
Yredelemnul
Zin
The Shining One

Shops:
D:5 :   D:9 [=


Innate Abilities, Weirdness & Mutations

Your magical capacity is very low (-20% MP).
You passively map a small area around you.
You are robust (+10% HP).


Message History

Things that are here:
23 gold pieces; a giant club You hit the hill giant but do no damage.
The hill giant is heavily wounded.
You hit the centaur but do no damage.
The hill giant hits you with a giant spiked club!
* * * LOW HITPOINT WARNING * * *
The centaur hits you but does no damage.
You slash the hill giant! You burn the hill giant.
The hill giant is severely wounded.
You hit the centaur. You burn the centaur.
The centaur is lightly wounded.
You block the centaur's attack.
You hit the hill giant but do no damage.
The hill giant is severely wounded.
You hit the centaur. You burn the centaur.
The centaur is moderately wounded.
The hill giant hits you with a giant spiked club!!
You die...
Your body crumbles into a pile of gold.

, , ......... , #........ ,
#.......c , $ ,
.######...C....,, ,
,..............., , ,
..............., , *
#..(########### ,
####.....C$....... * ....
........c@(....... , ...#
#####...########## ...#
#...# ...# #...# ...# #...#
...# #...#
...#########...###########
...........................
,
...........................


You could see a hill giant and a centaur.

Vanquished Creatures
  A hill giant (D:10)
  A manticore (D:9)
  Joseph (D:9)
  Grinder (D:4)
  2 two-headed ogres (D:8)
  The ghost of Eptagon the Insei, an average OpTm of Ru (D:5)
  A hungry ghost (D:9)
  5 porcupines (D:8)
  A water moccasin (D:10)
  A black bear (D:6)
  A wasp (D:8)
  6 centaurs
  2 ice beasts
  3 phantoms
  3 ogres
  A crocodile (D:8)
  2 big kobolds
  2 giant frogs (D:8)
  2 scorpions
  A wyvern skeleton (D:8)
  9 killer bees (D:9)
  3 wights (D:9)
  A crimson imp (D:5)
  3 hounds
  A quasit (D:7)
  A centaur skeleton (D:8)
  3 giant frog skeletons
  3 orc priests
  2 orc wizards (D:9)
  2 iguanas
  Natasha (D:4)
  7 worker ants
  A killer bee zombie (D:7)
  6 sheep (D:8)
  3 gnolls (D:2)
  2 river rats (D:8)
  3 shadow imps
  10 adders
  2 oozes
  3 worms (D:2)
  9 giant geckos
  13 orcs
  A ball python (D:2)
  A bat skeleton (D:7)
  9 giant cockroaches
  11 hobgoblins
  3 jackals (D:8)
  3 quokkas
  7 bats
  3 giant newts
  12 goblins
  A jackal zombie (D:4)
  27 kobolds
  A quokka zombie (D:5)
  16 rats
221 creatures vanquished.

Vanquished Creatures (others)
  2 plants (D:8)
2 creatures vanquished.

Grand Total: 223 creatures vanquished

Notes
Turn   | Place    | Note
--------------------------------------------------------------
     0 | D:1      | klainefeese the Hill Orc Fighter began the quest for the Orb.
     0 | D:1      | Reached XP level 1. HP: 19/19 MP: 1/1
     6 | D:1      | Noticed a lindwurm
     6 | D:1      | Noticed a crocodile
     6 | D:1      | Noticed a polar bear
     6 | D:1      | Noticed a water moccasin
     6 | D:1      | Noticed a wyvern
   271 | D:1      | Reached XP level 2. HP: 27/27 MP: 2/2
   444 | D:1      | Reached skill level 4 in Fighting
   697 | D:2      | Found a glowing golden altar of the Shining One.
   728 | D:2      | Reached XP level 3. HP: 15/33 MP: 3/3
   836 | D:2      | Reached XP level 4. HP: 15/41 MP: 4/4
   841 | D:2      | Gained mutation: You are robust (+10% HP). [potion of beneficial mutation]
  1151 | D:2      | Found an iron altar of Okawaru.
  1155 | D:2      | Found a blossoming altar of Fedhas.
  1155 | D:2      | Found a basalt altar of Yredelemnul.
  1163 | D:2      | Found a burning altar of Makhleb.
  1166 | D:2      | Found a glowing silver altar of Zin.
  1662 | D:3      | Found an opulent altar of Gozag.
  1693 | D:3      | Became a worshipper of Gozag Ym Sagoz the Greedy
  1979 | D:3      | Reached skill level 1 in Dodging
  2111 | D:3      | Found a glowing drain.
  2134 | D:3      | Reached XP level 5. HP: 46/51 MP: 5/5
  2275 | D:3      | Noticed a centaur
  2285 | D:3      | Killed a centaur
  2285 | D:3      | Reached XP level 6. HP: 47/60 MP: 6/6
  2424 | D:3      | Gained mutation: You passively map a small area around you. [potion of mutation]
  2424 | D:3      | Gained mutation: Your magical capacity is low (-10% MP). [potion of mutation]
  2424 | D:3      | Gained mutation: Your magical capacity is very low (-20% MP). [potion of mutation]
  2482 | D:4      | Noticed Grinder
  2484 | D:4      | Paralysed by Grinder for 3 turns
  2491 | D:4      | Paralysed by Grinder for 7 turns
  2510 | D:4      | Killed Grinder
  2510 | D:4      | Reached skill level 5 in Fighting
  2510 | D:4      | Reached skill level 5 in Axes
  2510 | D:4      | Reached XP level 7. HP: 27/67 MP: 5/5
  2841 | D:4      | Noticed Natasha
  2859 | D:4      | Killed Natasha
  2859 | D:4      | Reached skill level 5 in Shields
  2944 | D:4      | Found a white marble altar of Elyvilon.
  3024 | D:5      | Entered Level 5 of the Dungeon
  3050 | D:5      | Noticed Eptagon's ghost (average OpTm)
  3063 | D:5      | Killed Eptagon's ghost
  3063 | D:5      | Reached skill level 6 in Axes
  3096 | D:5      | Found a stormy altar of Qazlal.
  3201 | D:5      | Found Kixteag's Book Shoppe.
  3207 | D:5      | Reached XP level 8. HP: 77/77 MP: 6/6
  3264 | D:5      | Reached skill level 7 in Axes
  3264 | D:5      | Reached skill level 5 in Armour
  3841 | D:6      | Reached skill level 1 in Stealth
  4193 | D:6      | Found a shattered altar of Ashenzari.
  4218 | D:6      | Found a sacrificial altar of Ru.
  4233 | D:6      | Found a staircase to the Ecumenical Temple.
  4379 | D:7      | Got an opal-encrusted leather armour
  4447 | D:7      | Reached skill level 8 in Axes
  4827 | D:7      | Reached XP level 9. HP: 71/85 MP: 7/7
  4903 | D:7      | Found an ancient bone altar of Kikubaaqudgha.
  5519 | D:8      | Paralysed by a wasp for 2 turns
  5525 | D:8      | Paralysed by a wasp for 3 turns
  5970 | D:8      | Found a sparkling altar of Nemelex Xobeh.
  5998 | D:8      | Found a snail-covered altar of Cheibriados.
  6121 | D:8      | Reached skill level 9 in Axes
  6176 | D:8      | Found a staircase to the Lair.
  6377 | D:8      | Reached XP level 10. HP: 32/96 MP: 8/8
  6977 | D:9      | Found Utynul's Jewellery Emporium.
  7004 | D:9      | Bought an uncursed amulet of regeneration for 450 gold pieces
  7095 | D:9      | Noticed Joseph
  7109 | D:9      | Killed Joseph
  7109 | D:9      | Reached skill level 10 in Axes
  7220 | D:9      | Noticed a manticore
  7236 | D:9      | Killed a manticore
  7528 | D:9      | Found Noric's Food Emporium.
  7546 | D:9      | Bought a meat ration for 55 gold pieces
  7546 | D:9      | Bought a meat ration for 55 gold pieces
  7546 | D:9      | Bought a meat ration for 55 gold pieces
  7546 | D:9      | Bought a beef jerky for 16 gold pieces
  7546 | D:9      | Bought a bread ration for 55 gold pieces
  7546 | D:9      | Bought a beef jerky for 16 gold pieces
  7700 | D:9      | Found a staircase to the Orcish Mines.
  7701 | D:9      | Found Esaod's Armour Emporium.
  7769 | D:9      | Found a shadowy altar of Dithmenos.
  7786 | D:9      | Reached skill level 5 in Dodging
  7901 | D:10     | Entered Level 10 of the Dungeon
  8009 | D:10     | Noticed a hill giant
  8010 | D:10     | Noticed a hill giant
  8030 | D:10     | Killed a hill giant
  8035 | D:10     | Mangled by a hill giant

Vault maps used:
D:1:      onia_arrival_zoo_common, serial_glass, glass_columns_b,
          glass_columns_b
D:2:      nicolae_overflow_crystal_walls, minmay_overflow_temple_star_hex,
          first_bread
D:3:      gup_sewer_entry_glass, grunt_gozag_breadcrumbs
D:4:      lemuel_crystal_altar, st_stairs_9, uniq_natasha, uniq_grinder
D:5:      overflow_temple_1_default, serial_shops, kennysheep_little_box,
          minivault_1
D:6:      old_standard_altar, ashenzari_altar_1, minmay_temple_entry_trees
D:7:      kennysheep_mini
D:8:      lemuel_crystal_altar, cheibriados_altar_1, minmay_lair_entry_grove
D:9:      old_standard_altar, orc_0_dummy, serial_shops, shop,
          nicolae_shop_stone, nicolae_shop_competitors_out_of_business,
          uniq_joseph

Action                   |  1- 3 |  4- 6 |  7- 9 | 10-12 || total
-------------------------+-------+-------+-------+-------++-------
Melee: War axe           |    67 |   129 |   286 |   198 ||   680
  Use: Scroll            |     6 |     6 |     6 |     2 ||    20
       Potion            |     1 |     4 |     5 |     4 ||    14
 Stab: Distracted        |       |       |     2 |     1 ||     3
  Eat: Bread ration      |       |     1 |     2 |       ||     3
       Pizza             |       |       |     2 |       ||     2
       Meat ration       |       |       |     1 |     1 ||     2
